 Dungeon Crawl Stone Soup version 0.16.2-12-gd0ad4c3 (webtiles) character file.

44 schauveau the Digger (level 3, 0/19 HPs)
             Began as a Gargoyle Earth Elementalist on Oct 31, 2015.
             Slain by a river rat (8 damage)
             ... in a sewer.
             The game lasted 00:04:23 (1291 turns).

schauveau the Digger (Gargoyle Earth Elementalist)  Turns: 1291, Time: 00:04:23

Health: 0/19       AC:  5    Str: 11    XL:     3   Next: 62%
Magic:  7/8        EV: 12    Int: 16    God:
Gold:   53         SH:  0    Dex: 10    Spells: 2 memorised, 4 levels left

rFire  . . .     SeeInvis .     g - +0 spear
rCold  . . .     Clarity  .     c - +0 robe
rNeg   + . .     SustAb   .     (no shield)
rPois  ∞         Gourm    .     (no helmet)
rElec  +         Spirit   .     (no cloak)
rCorr  .         Warding  .     (no gloves)
rMut   .         Stasis   .     (no boots)
MR     .....                    (no amulet)
Stlth  ++........               (no ring)
                                (no ring)

@: not resistant to hostile enchantments, unstealthy
A: negative energy resistance 1, electricity resistance, unbreathing,
petrification resistance, rot immunity, AC +3
a: no special abilities


You were in a sewer.
You were hungry.

You visited 1 branch of the dungeon, and saw 3 of its levels.
You also visited: Sewer.

You collected 53 gold pieces.

Inventory:

Hand weapons
 g - a +0 spear (weapon)
Missiles
 b - 40 stones (quivered)
 k - 13 poisoned needles
Armour
 c - a +0 robe (worn)
Scrolls
 h - 4 scrolls of identify {unknown}
 i - a scroll of enchant weapon {unknown}
Potions
 e - a potion of might {unknown}
Books
 d - a book of Geomancy

   Spells                             Type                      Level
   a - Sandblast                      Earth                        1
   b - Stoneskin                      Transmutation/Earth          2
   c - Passwall                       Transmutation/Earth          3
   d - Stone Arrow                    Conjuration/Earth            3
   e - Petrify                        Transmutation/Earth          4
   f - Lee's Rapid Deconstruction     Earth                        5
Comestibles
 a - 2 bread rations
 f - 2 chunks of flesh
 j - a meat ration
 l - a beef jerky


   Skills:
 - Level 1.5 Dodging
 - Level 2.1 Stealth
 * Level 3.3 Spellcasting
   Level 0.7 Transmutations
 + Level 4.0 Earth Magic


You had 4 spell levels left.
You knew the following spells:

 Your Spells              Type           Power        Failure   Level  Hunger
a - Sandblast             Erth           ###...       4%          1    None
b - Stone Arrow           Conj/Erth      #.....       28%         3    ###....


Dungeon Overview and Level Annotations

Branches:
Dungeon (3/15)

Altars:


Innate Abilities, Weirdness & Mutations

You are resistant to torment.
You are immune to poison.
Your stone body is very resilient (AC +3).
You resist negative energy.
You are resistant to electric shocks.
You can survive without breathing.
You are immune to petrification.
You are immune to rotting.


Message History

There isn't anything to butcher here.
You enter the shallow water.
Moving in this stuff is going to be slow.
There is a glowing drain here.
The world spins around you as you enter the gateway.
Welcome to a sewer! 2 rats and a river rat come into view.
Found a gate leading back out of this place.
There is an empty arch of ancient stone here.
There is a gate leading back out of this place here.
The river rat closely misses you.
You closely miss the river rat. The river rat bites you.
You closely miss the river rat. The river rat bites you.
Casting: Sandblast
Confirm with . or Enter, or press ? or * to list all spells.
Aiming: Sandblast
Press: ? - help, Shift-Dir - straight line, f - river rat
Aim: a river rat The blast of sand misses the river rat.
The river rat bites you!
You die...

#.#
#.#
#.#
#r#
#r#
#∩#
#.#
#∩#
#@#
#r#
#.#
#.#
###


You could see a river rat and 2 rats.

Vanquished Creatures
  A giant mite (D:3)
  A giant gecko (D:3)
  An ooze (D:1)
  2 ball pythons (D:3)
  3 giant cockroaches
  3 goblins (D:1)
  6 hobgoblins
  3 jackals (D:3)
  A kobold (D:1)
  4 bats
  3 giant newts (D:1)
  4 rats
32 creatures vanquished.

Notes
Turn   | Place    | Note
--------------------------------------------------------------
     0 | D:1      | schauveau, the Gargoyle Earth Elementalist, began the quest for the Orb.
     0 | D:1      | Reached XP level 1. HP: 10/10 MP: 3/3
   188 | D:1      | Reached XP level 2. HP: 9/15 MP: 3/5
   963 | D:1      | Reached XP level 3. HP: 19/19 MP: 7/7
   968 | D:1      | Learned a level 3 spell: Stone Arrow
  1112 | D:3      | Found a glowing drain.
  1277 | D:3      | Reached skill level 4 in Earth Magic
  1285 | Sewer    | Entered a sewer
  1291 | Sewer    | Slain by a river rat

Action                   || total
-------------------------++-------
Melee: Unarmed           ||    13
       Spear             ||    57
 Cast: Sandblast         ||    47
  Eat: Chunk             ||     1
